Cogmind - Beta 9.4 @@@ ROGUE MODE // 2020.03.03 @ 19:40:51 Player: derk Result: Destroyed by G-73 Enforcer with Heavy Laser Performance ------------- Evolutions (6) 3000 Regions Visited (17) 3400 Robots Destroyed (228) 1140 Value Destroyed (12378) 12378 Prototype IDs (40) 800 Alien Tech Used (0) 0 Bonus (9502) 9502 TOTAL SCORE: 30220 Bonus ------- High Alert Combat Kills 2918 Follower Combat Kills 3496 Entered Garrisons 1000 Used RIF Installer 2500 Aligned with FarCom 300 Friendly Fire -712 Cogmind --------- Core Integrity 0/1150 Matter 11/300 Energy 50/100 System Corruption 35% Temperature Cool (0) Movement Core (100) Ox1 Location -4/Armory Parts ------- > --- POWER (1) -------- (None) > --- PROPULSION (4) --- (None) > --- UTILITY (10) ----- Improved Coolant Injector Improved Targeting Computer Relay Coupler [NC] (35) Relay Coupler [NC] (37) Relay Coupler [NC] (41) Relay Coupler [Duelist] (42) Relay Coupler [Duelist] (39) Relay Coupler [Demolisher] (36) > --- WEAPON (4) ------- Power Sword > --- INVENTORY (4) ---- Superbattery (1970) Matter Compressor (0) Peak State ------------ > --- POWER ------------ Light Antimatter Reactor > --- PROPULSION ------- Medium Treads Advanced Medium Treads Advanced Medium Treads Advanced Medium Treads > --- UTILITY ---------- High-capacity Storage Unit High-capacity Storage Unit High-capacity Storage Unit Experimental Targeting Computer Improved Target Analyzer Insulated Plating Relay Coupler [Grunt] Relay Coupler [Sentry] Relay Coupler [Demolisher] Relay Coupler [Demolisher] > --- WEAPON ----------- Hypervelocity Railgun Hypervelocity Railgun Hypervelocity Railgun Improved Remote Datajack > --- INVENTORY -------- Light Antimatter Reactor Enhanced Armored Leg Improved Coolant Injector Superbattery Matter Compressor Improved Targeting Computer Improved Medium Armor Plating Relay Coupler [NC] Relay Coupler [NC] Relay Coupler [NC] Relay Coupler [NC] Relay Coupler [NC] Relay Coupler [NC] Relay Coupler [NC] Relay Coupler [NC] Relay Coupler [NC] Relay Coupler [NC] Relay Coupler [Duelist] Relay Coupler [Duelist] Railgun Improved KE Penetrator Improved KE Penetrator Hypervelocity Railgun Hypervelocity Railgun Hypervelocity Railgun Tesla Bomb Launcher Improved Remote Datajack Power Sword [Rating: 108] Favorites ----------- Power Cold Fusion Reactor Engine Cooled Ion Engine Power Core Micro Fission Core Reactor Cold Fusion Reactor Propulsion Enhanced Armored Leg Treads Improved Medium Treads Leg Enhanced Armored Leg Wheel Armored Huge Wheel Utility High-capacity Storage Unit Device Cooling System Storage High-capacity Storage Unit Processor Improved Target Analyzer Hackware Relay Coupler [NC] Protection Improved Medium Armor Plating Weapon KE Penetrator Energy Gun Shock Rifle Energy Cannon Heavy Proton Cannon Ballistic Gun KE Penetrator Ballistic Cannon Advanced Assault Cannon Launcher Grenade Launcher Special Weapon Remote Datajack Impact Weapon Power Maul Slashing Weapon Katana Piercing Weapon Spear Special Melee Weapon Improved Datajack Build | -11 -10 -9 -9 -9 -8 -8 -8 -7 -7 -6 -6 -6 -6 -5 -5 -4 -4 ------- Run | Scr Mat Mat Min Exi Min Mat Gar Fac Gar Fac Gar Fac Gar Fac Gar Fac Arm Slots Evolved 12 | . . 2 . . . 2 . 2 . 2 . . . 2 . 2 . Power . | . . . . . . . . . . . . . . . . . . Propulsion 2 | . . . . . . 1 . . . . . . . . . 1 . Utility 8 | . . 1 . . . 1 . 2 . 1 . . . 2 . 1 . Weapon 2 | . . 1 . . . . . . . 1 . . . . . . . Parts Attached 343 | 7 12 21 2 2 1 21 12 21 19 24 25 36 11 20 21 36 52 Power 19 | 1 . 2 . . . 1 1 1 2 1 1 1 1 . 1 2 4 Engine 4 | 1 . 1 . . . 1 . 1 . . . . . . . . . Core 7 | . . 1 . . . . 1 . 2 . . . . . 1 1 1 Reactor 8 | . . . . . . . . . . 1 1 1 1 . . 1 3 Propulsion 52 | 2 6 4 . . . 4 2 2 2 7 4 4 1 4 1 8 1 Treads 32 | . 3 3 . . . 3 1 2 1 4 3 4 1 1 . 6 . Leg 7 | . . . . . . . . . . . . . . 3 1 2 1 Wheel 13 | 2 3 1 . . . 1 1 . 1 3 1 . . . . . . Hover . | . . . . . . . . . . . . . . . . . . Flight . | . . . . . . . . . . . . . . . . . . Utility 122 | 1 4 5 1 2 . 5 1 7 5 7 8 14 7 11 10 10 24 Device 16 | . 1 2 1 . . . . . . . 2 1 . 2 . 1 6 Storage 17 | 1 2 1 . 2 . 1 . . 1 . . 3 . 1 . 2 3 Processor 8 | . . 1 . . . . . 1 . . . . 1 1 . 1 3 Hackware 48 | . . . . . . . . 4 4 3 3 4 5 5 8 3 9 Protection 33 | . 1 1 . . . 4 1 2 . 4 3 6 1 2 2 3 3 Artifact . | . . . . . . . . . . . . . . . . . . Weapon 150 | 3 2 10 1 . 1 11 8 11 10 9 12 17 2 5 9 16 23 Energy Gun 21 | 2 . 8 . . 1 . 1 1 2 1 5 . . . . . . Energy Cannon 1 | . . . . . . . . . . . . . . . . . 1 Ballistic Gun 63 | 1 2 . . . . 9 4 5 5 2 . 6 1 2 6 9 11 Ballistic Cannon 2 | . . . . . . . . . . 1 . 1 . . . . . Launcher 11 | . . . 1 . . 2 1 . 1 1 . 2 . . 1 . 2 Special Weapon 27 | . . . . . . . . 1 1 2 2 4 1 2 2 7 5 Impact Weapon 7 | . . . . . . . . . . 1 4 1 . . . . 1 Slashing Weapon 11 | . . 2 . . . . 2 1 1 . . 1 . 1 . . 3 Piercing Weapon 3 | . . . . . . . . . . . 1 2 . . . . . Special Melee Weapon 4 | . . . . . . . . 3 . 1 . . . . . . . Unidentified Prototypes 14 | . . 1 . . . 1 . . . 1 . . . 1 . 2 8 Parts Lost 76 | . 1 7 . . . 4 1 . 8 11 5 2 . 3 7 1 26 Power 9 | . . 1 . . . . . . 2 . . . . . 1 . 5 Propulsion 11 | . . . . . . 1 . . 1 3 . . . 1 . . 5 Utility 19 | . 1 1 . . . . . . . 3 1 2 . 1 3 1 6 Weapon 37 | . . 5 . . . 3 1 . 5 5 4 . . 1 3 . 10 Highest Loss Streak 23 | . 1 4 . . . 1 1 . 3 6 2 2 . 2 3 1 23 Average Slot Usage (%) 94 | . 97 96 100 100 100 90 89 90 89 87 99 99 98 92 96 96 95 Engine 3 | . 14 7 11 11 11 9 8 2 3 . . . . . . . . Core 1 | . . 2 . . . . . 4 2 1 . . . . 3 4 . Reactor 2 | . . . . . . . . . . 4 6 6 6 5 1 . 4 Treads 11 | . 15 15 11 11 11 11 9 7 6 4 20 20 20 15 . 3 18 Leg 3 | . . . . . . . . . . . . . . 1 17 17 . Wheel 3 | . 12 6 11 11 11 9 9 7 7 7 . . . . . . . Device 1 | . 1 5 11 11 11 4 . . . . 4 1 . . . . . Storage 20 | . 16 21 22 22 22 20 27 23 23 20 20 20 20 17 17 17 16 Hackware 13 | . . . . . . . . 12 19 17 13 15 18 21 24 23 19 Protection 6 | . 7 1 . . . 9 9 6 1 6 7 9 6 6 7 5 3 Energy Gun 4 | . 6 16 22 22 33 6 1 2 2 . 8 2 . . . . . Ballistic Gun 12 | . 21 7 . . . 18 17 11 9 14 1 11 20 17 16 18 14 Launcher 1 | . . . 11 11 . 1 3 . . 2 . 1 . . . . . Special Weapon 2 | . . . . . . . . 2 3 . 3 3 5 2 4 2 3 Slashing Weapon 1 | . . 6 . . . . 4 4 5 . . . . 1 . . . Naked Turns . | . . . . . . . . . . . . . . . . . . Heaviest Build 150 | 12 41 51 53 85 85 105 101 106 104 124 121 150 146 138 141 142 142 Greatest Support 130 | 26 40 43 16 16 16 28 28 28 28 86 86 88 88 88 60 118 130 Greatest Overweight (x) 37 | . 4 4 3 5 5 5 5 5 3 37 1 1 1 4 2 4 6 Average Overweight (x) 2 | . 1 2 3 3 5 3 3 3 3 4 1 1 1 1 1 1 1 Largest Inventory Capacity 28 | 6 16 16 16 20 20 26 26 26 26 26 26 28 28 28 28 28 28 Average Capacity 24 | 5 8 15 16 17 20 21 26 26 26 26 26 27 28 28 28 28 27 Most Carried 28 | 5 11 16 16 18 20 25 26 26 26 26 26 28 28 28 28 28 28 Average Carried 23 | 2 7 11 15 16 19 20 25 25 23 24 25 27 27 27 26 27 26 Final Capacity 28 | 6 16 16 16 20 20 26 26 26 26 26 26 28 28 28 28 28 4 Final Carried 28 | 5 11 16 16 18 20 25 26 26 26 26 26 28 28 27 28 28 2 Class Distribution -------------------- 26% | Bothacker-Mutant 16% | Botlord-Mutant 13% | Bothacker-Skirmisher 10% | Hauler-Skirmisher 9% | Mutant 8% | Botlord-Skirmisher 5% | Hauler-Mutant 4% | Bothacker-Tank Dominant Class ---------------- Mutant | -10/Materials Mutant | -9/Materials Mutant | -9/Mines Mutant | -9/Exiles Hauler-Skirmisher | -8/Mines Hauler-Skirmisher | -8/Materials Bothacker-Mutant | -8/Garrison Bothacker-Mutant | -7/Factory Bothacker-Mutant | -7/Garrison Bothacker-Skirmisher | -6/Factory Bothacker-Mutant | -6/Garrison Bothacker-Mutant | -6/Factory Bothacker-Mutant | -6/Garrison Botlord-Skirmisher | -5/Factory Botlord-Mutant | -5/Garrison Botlord-Skirmisher | -4/Factory Botlord-Mutant | -4/Armory Resources | -11 -10 -9 -9 -9 -8 -8 -8 -7 -7 -6 -6 -6 -6 -5 -5 -4 -4 ----------- Run | Scr Mat Mat Min Exi Min Mat Gar Fac Gar Fac Gar Fac Gar Fac Gar Fac Arm Matter Collected 9622 | 282 227 562 28 62 10 955 537 397 743 621 623 835 438 456 857 1172 817 Remotely . | . . . . . . . . . . . . . . . . . . Salvage Created 9637 | 95 259 647 . . 44 1395 428 299 517 741 564 985 281 518 685 1000 1179 Parts 488 | 2 15 34 . . 2 81 23 10 26 58 22 37 13 33 26 42 64 Haulers Intercepted 6 | . . 3 . . . 2 . . . . . 1 . . . . . Recyclers Shooed 3 | . . 1 . . . . . . . 2 . . . . . . . Parts Field Recycled . | . . . . . . . . . . . . . . . . . . Retrieved Matter . | . . . . . . . . . . . . . . . . . . Parts Self-Destructed . | . . . . . . . . . . . . . . . . . . Prevented . | . . . . . . . . . . . . . . . . . . Kills | -11 -10 -9 -9 -9 -8 -8 -8 -7 -7 -6 -6 -6 -6 -5 -5 -4 -4 ------- Run | Scr Mat Mat Min Exi Min Mat Gar Fac Gar Fac Gar Fac Gar Fac Gar Fac Arm Combat Hostiles Destroyed 193 | . 8 11 . . 1 32 16 6 15 13 15 13 4 11 14 17 17 Melee 1 | . . . . . . . . . . . . 1 . . . . . Guns 143 | . 8 11 . . 1 21 7 6 12 5 3 9 4 11 11 17 17 Cannons 14 | . . . . . . . . . . 1 11 2 . . . . . AOE 34 | . . . . . . 11 9 . 3 7 . 1 . . 3 . . Classes Destroyed 17 | 1 3 3 . . 1 3 . 1 . 2 . . . . . . 3 Worker 9 | . 1 2 . . . 1 . . . 2 . 1 . 1 . 1 . Builder 7 | . . . . . . . . . . 5 . . . 1 . 1 . Tunneler 1 | . . . . . . 1 . . . . . . . . . . . Hauler 6 | . . 3 . . . 2 . . . . . 1 . . . . . Recycler 4 | 1 . . . . . 1 . . . 1 . . . . . 1 . Mechanic 1 | . . . . . . . . . . . . . . . . . 1 Watcher 5 | . . 1 . . . 4 . . . . . . . . . . . Swarmer 50 | . 3 3 . . . 6 3 1 9 . 6 . 1 5 5 8 . Saboteur 4 | . . . . . . . . . . 1 . 1 . . . 1 1 Grunt 77 | . 5 5 . . . 17 5 . 3 5 8 10 2 3 6 4 4 Brawler 8 | . . . . . . 1 1 . 1 1 1 . 1 . 1 . 1 Duelist 9 | . . . . . . 2 4 . . 1 . 1 . . . . 1 Sentry 25 | . . 3 . . . 6 3 4 2 . . . 1 1 2 2 1 Specialist 2 | . . . . . . . . . . . . . . . . . 2 Hunter 5 | . . . . . 1 . . . . 1 . . . 2 . 1 . Programmer 14 | . . . . . . . . 1 . 4 . 2 . . . 1 6 Behemoth 1 | . . . . . . . . . . . . . . . . . 1 Best Kill Streak 9 | 1 3 6 . . 1 7 4 2 5 6 3 4 3 9 3 6 5 Combat Bots Only 8 | . 2 4 . . 1 4 4 2 5 5 3 3 3 8 3 5 5 Max Kills in Single Turn 4 | 1 2 2 . . 1 4 2 1 1 3 1 2 2 2 2 3 2 Gunslinging 1 | . . . . . . . . . . . . . . 1 . 1 1 Exploded 4 | . . . . . . 4 2 . 1 2 . 1 . . 2 . . Melee 1 | . . . . . . . . . . . . 1 . . . . . Uniques/NPCs Destroyed . | . . . . . . . . . . . . . . . . . . Combat | -11 -10 -9 -9 -9 -8 -8 -8 -7 -7 -6 -6 -6 -6 -5 -5 -4 -4 -------- Run | Scr Mat Mat Min Exi Min Mat Gar Fac Gar Fac Gar Fac Gar Fac Gar Fac Arm Damage Taken 19414 | . 519 969 . . . 1606 492 868 1188 1587 1502 880 175 1069 1533 1187 5839 Core 2698 | . 117 191 . . . 184 47 187 159 189 188 37 21 57 165 10 1146 Absorbed by Shields 141 | . . . . . . . . . 19 . . . . 122 . . . Core Remaining (%) 62 | 100 53 . . . 52 . 58 . 50 . . . 48 . 77 . . Volleys Fired 772 | 4 62 40 . . 1 86 40 24 82 42 50 61 32 35 70 71 72 Largest 4 | 2 2 3 . . 3 3 3 3 3 4 3 3 3 4 4 4 4 Hottest 197 | 60 60 135 . . 150 150 108 133 108 166 197 114 84 122 132 132 166 Shots Fired 1593 | 8 112 97 . . 3 223 74 53 121 83 112 105 54 81 123 176 168 Gun 1293 | 8 112 97 . . 3 211 51 49 93 52 63 69 39 66 88 146 146 Cannon 58 | . . . . . . . . . . 13 39 6 . . . . . Launcher 74 | . . . . . . 12 23 . 12 13 . 7 . . 5 . 2 Special 168 | . . . . . . . . 4 16 5 10 23 15 15 30 30 20 Kinetic 1121 | 4 79 42 . . . 175 50 34 69 61 47 75 39 66 88 146 146 Thermal 152 | 4 33 23 . . . . . 15 24 4 49 . . . . . . Explosive 56 | . . . . . . 12 23 . . 13 . 3 . . 5 . . Electromagnetic 96 | . . 32 . . 3 36 1 . 12 . 6 4 . . . . 2 Robot Hit Streak 25 | 3 15 19 . . 2 12 14 25 13 10 12 10 12 15 18 14 17 Robot Miss Streak 8 | 1 2 5 . . 2 6 4 7 8 8 3 5 3 3 5 7 5 Penetration Max 2 | . . . . . . . . . . 1 . 1 1 1 1 1 2 Secondary Targets 27 | . . 2 . . . 2 . . 1 . . 2 1 7 4 5 3 Max Gunslinging Chain 2 | . . 1 . . . 1 . . 1 . . 1 1 2 1 2 1 Shots Hit Robots 1102 | 5 61 81 . . 2 153 46 53 84 69 82 64 36 58 78 105 125 Core Hits 509 | 2 17 33 . . 2 84 36 20 47 61 35 39 10 19 31 32 41 Critical Hits 64 | . . 2 . . . 2 . . 1 . 1 6 1 3 5 10 33 Critical Kills 16 | . . . . . . . . . . . 1 . . 3 2 4 6 Critical Parts Destroyed 38 | . . 2 . . . 2 . . . . . 6 1 . 3 4 20 Melee Attacks 83 | . . 9 . . . . 4 10 3 13 10 18 . 4 . . 12 Impact 22 | . . . . . . . . . . 2 6 14 . . . . . Slashing 39 | . . 9 . . . . 4 7 3 . . . . 4 . . 12 Piercing 8 | . . . . . . . . . . . 4 4 . . . . . Sneak Attacks 9 | . . . . . . . . 1 . 8 . . . . . . . Combat Hostiles 1 | . . . . . . . . 1 . . . . . . . . . Follow-up Attacks . | . . . . . . . . . . . . . . . . . . Damage Inflicted 23238 | 60 599 1068 . . 35 3372 1746 808 1435 2125 1940 1916 501 1118 1814 2230 2471 Guns 16865 | 60 599 904 . . 35 2276 552 631 1219 932 944 1265 501 1118 1335 2230 2264 Cannons 986 | . . . . . . . . . . 127 780 79 . . . . . Explosions 5023 | . . . . . . 1096 1194 . 216 1066 216 549 . . 479 . 207 Melee 317 | . . 164 . . . . . 153 . . . . . . . . . Ramming 47 | . . . . . . . . 24 . . . 23 . . . . . Kinetic 14897 | 24 423 365 . . . 1800 552 285 818 970 868 1344 501 1118 1335 2230 2264 Thermal 2346 | 36 176 277 . . . . . 346 401 89 1021 . . . . . . Explosive 4191 | . . . . . . 1096 1194 . . 1066 . 356 . . 479 . . Electromagnetic 1440 | . . 262 . . 35 476 . . 216 . 51 193 . . . . 207 Impact . | . . . . . . . . . . . . . . . . . . Slashing 317 | . . 164 . . . . . 153 . . . . . . . . . Piercing . | . . . . . . . . . . . . . . . . . . Highest Corruption 35 | . . . . . . 3 3 5 5 2 2 13 13 . . 2 35 Average Corruption 4 | . . . . . . 3 3 4 5 1 2 4 13 . . 1 6 Corruption Purged . | . . . . . . . . . . . . . . . . . . Effects 256 | . . . . . . 21 16 19 37 4 22 35 44 . . 5 53 Message Errors 51 | . . . . . . 9 5 2 6 1 6 8 10 . . . 4 Matter Fused 37 | . . . . . . 4 6 5 7 . . 5 7 . . . 3 Heat Flow Errors 28 | . . . . . . 1 2 2 2 . 6 3 7 . . 1 4 Energy Discharges 28 | . . . . . . 3 . 3 2 3 4 4 4 . . 1 4 Parts Rejected 4 | . . . . . . . . . 1 . . 1 1 . . . 1 Data Loss (minor) 24 | . . . . . . . 2 1 5 . 4 6 3 . . 1 2 Data Loss (major) 9 | . . . . . . . . . 5 . . 1 3 . . . . Misfires 3 | . . . . . . . . . 2 . . 1 . . . . . Alerts 2 | . . . . . . . . . . . . 1 1 . . . . Misdirections 5 | . . . . . . . . . . . . 1 4 . . . . Targeting Errors 54 | . . . . . . 3 1 6 7 . 2 4 4 . . 2 25 Weapon Failures 11 | . . . . . . 1 . . . . . . . . . . 10 Overload Shots . | . . . . . . . . . . . . . . . . . . Overflow Damage 212 | . . 10 . . . 24 84 . 1 3 27 2 . . 61 . . Projectiles 27 | . . . . . . . . . . . 27 . . . . . . Explosions 174 | . . . . . . 24 84 . 1 3 . 1 . . 61 . . Melee 11 | . . 10 . . . . . . . . . 1 . . . . . Knockbacks 11 | . . . . . . . . . . . 11 . . . . . . Impact . | . . . . . . . . . . . . . . . . . . Kinetic 11 | . . . . . . . . . . . 11 . . . . . . Secondary . | . . . . . . . . . . . . . . . . . . Self-Inflicted Damage 357 | . . . . . . 108 65 11 11 79 . 83 . . . . . Shots 11 | . . . . . . 2 3 . 1 2 . 3 . . . . . Rammed 3 | . . . . . . . . 2 . . . 1 . . . . . Targets Rammed 3 | . . . . . . . . 2 . . . 1 . . . . . Kicked . | . . . . . . . . . . . . . . . . . . Crushed . | . . . . . . . . . . . . . . . . . . Highest Temperature 426 | 20 159 426 . . 27 170 176 254 244 81 244 233 214 195 222 201 239 Average Temperature 61 | 20 69 123 . . 18 24 47 100 56 29 54 57 49 77 57 47 63 Received Heat Transfer 3630 | . 210 342 . . . 450 135 132 351 141 375 276 51 141 327 99 600 Effects 6 | . . 6 . . . . . . . . . . . . . . . Shutdowns 2 | . . 2 . . . . . . . . . . . . . . . Interference 1 | . . 1 . . . . . . . . . . . . . . . Short Circuit 1 | . . 1 . . . . . . . . . . . . . . . Damage (minor) 2 | . . 2 . . . . . . . . . . . . . . . Siege Activations . | . . . . . . . . . . . . . . . . . . Robots Corrupted . | . . . . . . . . . . . . . . . . . . Combat Hostiles . | . . . . . . . . . . . . . . . . . . Parts Fried 5 | . . 1 . . . 4 . . . . . . . . . . . Impact Corruptions 1 | . . . . . . . . . . . . 1 . . . . . Robots Melted 1 | . . . . . . . . . . . 1 . . . . . . Combat Hostiles 1 | . . . . . . . . . . . 1 . . . . . . Parts Melted 9 | . . 1 . . . . . 1 3 1 1 . . . . . 2 Heat Transferred 4811 | 75 400 692 . . . . . 750 900 200 1794 . . . . . . Parts Sabotaged . | . . . . . . . . . . . . . . . . . . Parts Stolen . | . . . . . . . . . . . . . . . . . . Parts Stripped . | . . . . . . . . . . . . . . . . . . Power Chain Reactions 1 | . . . . . . . . . . . 1 . . . . . . Missiles Intercepted . | . . . . . . . . . . . . . . . . . . Alert | -11 -10 -9 -9 -9 -8 -8 -8 -7 -7 -6 -6 -6 -6 -5 -5 -4 -4 ------- Run | Scr Mat Mat Min Exi Min Mat Gar Fac Gar Fac Gar Fac Gar Fac Gar Fac Arm Peak Influence 1658 | 5 203 299 10 . 45 640 1001 971 1166 688 1143 921 984 531 933 1658 1252 Average Influence 602 | 1 79 134 8 . 44 132 754 790 894 589 856 633 869 269 613 979 956 Maximum Alert Level 5 | . 1 1 . . . 2 3 3 4 2 4 3 3 2 3 5 4 Low Security (%) 18 | 100 86 81 100 . 100 74 . . . . . . . 25 . . . Level 1 10 | . 13 18 . . . 17 . . . . 4 . . 71 26 . . Level 2 29 | . . . . . . 7 40 25 13 100 16 83 20 3 29 31 5 Level 3 35 | . . . . . . . 59 74 75 . 58 16 79 . 44 37 59 Level 4 5 | . . . . . . . . . 11 . 20 . . . . 23 35 Level 5 . | . . . . . . . . . . . . . . . . 7 . High Security . | . . . . . . . . . . . . . . . . . . Max Security . | . . . . . . . . . . . . . . . . . . Squads Dispatched 48 | . 1 1 . . . 3 . 6 . 6 . 11 . 7 . 7 6 Investigation 6 | . . 1 . . . . . 1 . 1 . 2 . 1 . . . Extermination 14 | . . . . . . . . 2 . 3 . 3 . 1 . 2 3 Reinforcement 10 | . 1 . . . . 2 . . . 1 . 1 . 2 . 3 . Assault 9 | . . . . . . . . . . 1 . 3 . . . 2 3 Garrison 9 | . . . . . . 1 . 3 . . . 2 . 3 . . . Intercept . | . . . . . . . . . . . . . . . . . . Construction Impeded 5 | . . . . . . 1 . . . 1 . . . . . 3 . Haulers Reinforced 2 | . . . . . . . . . . . . 1 . 1 . . . Stealth | -11 -10 -9 -9 -9 -8 -8 -8 -7 -7 -6 -6 -6 -6 -5 -5 -4 -4 --------- Run | Scr Mat Mat Min Exi Min Mat Gar Fac Gar Fac Gar Fac Gar Fac Gar Fac Arm Distress Signals 19 | . 2 4 . . . 7 . 1 . 2 . 1 . 1 . . 1 Communications Jammed . | . . . . . . . . . . . . . . . . . . Distress Signals . | . . . . . . . . . . . . . . . . . . Times Spotted 459 | . 20 26 . . 1 46 25 14 37 24 39 35 20 24 40 59 49 Peak Tracking Total 11 | . 6 5 . . . 6 5 4 5 7 8 5 4 8 6 11 9 Tactical Retreats 41 | . 5 3 . . . 4 7 . 2 . 10 1 1 1 6 . 1 Traps | -11 -10 -9 -9 -9 -8 -8 -8 -7 -7 -6 -6 -6 -6 -5 -5 -4 -4 ------- Run | Scr Mat Mat Min Exi Min Mat Gar Fac Gar Fac Gar Fac Gar Fac Gar Fac Arm Traps Triggered 40 | . . 1 . . . 1 9 4 5 . . 3 2 . 11 1 3 Indirectly . | . . . . . . . . . . . . . . . . . . Trap Hack Attempts . | . . . . . . . . . . . . . . . . . . Triggered . | . . . . . . . . . . . . . . . . . . Disarmed . | . . . . . . . . . . . . . . . . . . Reprogrammed . | . . . . . . . . . . . . . . . . . . Reused . | . . . . . . . . . . . . . . . . . . Traps Extracted . | . . . . . . . . . . . . . . . . . . Installed . | . . . . . . . . . . . . . . . . . . Triggered 1 | . . . . . . . . . . . . 1 . . . . . Exploded 1 | . . . . . . . 1 . . . . . . . . . . Machines | -11 -10 -9 -9 -9 -8 -8 -8 -7 -7 -6 -6 -6 -6 -5 -5 -4 -4 ---------- Run | Scr Mat Mat Min Exi Min Mat Gar Fac Gar Fac Gar Fac Gar Fac Gar Fac Arm Machines Disabled 37 | . . . . . . 1 3 . 3 3 4 7 3 . 4 8 1 Max in Single Turn 4 | . . . . . . 1 1 . 1 1 1 4 1 . 1 1 . Garrison Relay 17 | . . . . . . . 3 . 3 . 4 . 3 . 4 . . Machines Sabotaged . | . . . . . . . . . . . . . . . . . . Garrisons Compromised . | . . . . . . . . . . . . . . . . . . Overloaded Fab Kills . | . . . . . . . . . . . . . . . . . . Fab Network Shutdowns 1 | . . . . . . . . 1 . . . . . . . . . Hacking | -11 -10 -9 -9 -9 -8 -8 -8 -7 -7 -6 -6 -6 -6 -5 -5 -4 -4 --------- Run | Scr Mat Mat Min Exi Min Mat Gar Fac Gar Fac Gar Fac Gar Fac Gar Fac Arm Machines Accessed 34 | . 2 5 1 1 . 9 . 4 . 2 . 5 . 2 . 1 2 Terminals 23 | . 2 5 1 . . 8 . 2 . 1 . 2 . 1 . . 1 Fabricators 5 | . . . . . . . . 1 . . . 2 . . . 1 1 Repair Stations . | . . . . . . . . . . . . . . . . . . Recycling Units . | . . . . . . . . . . . . . . . . . . Scanalyzers . | . . . . . . . . . . . . . . . . . . Garrison Access 5 | . . . . . . 1 . 1 . 1 . 1 . 1 . . . Total Hacks 74 | . 4 14 2 1 . 19 . 6 . 4 . 11 . 5 . 2 6 Successful 41 | . 3 7 1 1 . 9 . 4 . 3 . 5 . 2 . 2 4 Failed 33 | . 1 7 1 . . 10 . 2 . 1 . 6 . 3 . . 2 Catastrophic 3 | . . 1 . . . 1 . 1 . . . . . . . . . Database Lockouts . | . . . . . . . . . . . . . . . . . . Manual 34 | . 4 9 2 1 . 12 . 2 . . . 3 . 1 . . . Terminals 57 | . 4 14 2 . . 17 . 4 . 3 . 4 . 4 . . 5 Fabricators 10 | . . . . . . . . 1 . . . 6 . . . 2 1 Repair Stations . | . . . . . . . . . . . . . . . . . . Recycling Units . | . . . . . . . . . . . . . . . . . . Scanalyzers . | . . . . . . . . . . . . . . . . . . Garrison Access 6 | . . . . . . 2 . 1 . 1 . 1 . 1 . . . Terminal Hacks 21 | . 3 4 1 1 . 4 . 1 . 2 . 1 . . . . 4 Part Schematic 6 | . 3 1 1 . . . . . . . . 1 . . . . . Robot Analysis 1 | . . . . . . . . . . . . . . . . . 1 Prototype ID Bank 2 | . . . . . . 1 . . . . . . . . . . 1 Branch Access Points 1 | . . 1 . . . . . . . . . . . . . . . Emergency Access Points 1 | . . . . . . . . . . 1 . . . . . . . Locate Traps 5 | . . 1 . . . 1 . 1 . 1 . . . . . . 1 Surveillance Status 1 | . . . . . . . . . . . . . . . . . 1 Hauler Manifests 1 | . . 1 . . . . . . . . . . . . . . . Zone Layout 2 | . . . . . . 2 . . . . . . . . . . . EX-Prototype ID Bank 1 | . . . . 1 . . . . . . . . . . . . . Fabricator Hacks 6 | . . . . . . . . 1 . . . 3 . . . 2 . Load Schematic 3 | . . . . . . . . . . . . 2 . . . 1 . Build 3 | . . . . . . . . 1 . . . 1 . . . 1 . Repair Station Hacks . | . . . . . . . . . . . . . . . . . . Recycling Unit Hacks . | . . . . . . . . . . . . . . . . . . Scanalyzer . | . . . . . . . . . . . . . . . . . . Garrison Access Hacks 5 | . . . . . . 1 . 1 . 1 . 1 . 1 . . . Unlock Access 5 | . . . . . . 1 . 1 . 1 . 1 . 1 . . . Unauthorized Hacks 28 | . . 6 . . . 14 . 3 . . . 3 . 2 . . . Terminals 9 | . . 3 . . . 4 . 1 . . . . . 1 . . . Track 2 | . . 1 . . . 1 . . . . . . . . . . . Assimilate 1 | . . . . . . 1 . . . . . . . . . . . Botnet 6 | . . 2 . . . 2 . 1 . . . . . 1 . . . Fabricators . | . . . . . . . . . . . . . . . . . . Repair Stations . | . . . . . . . . . . . . . . . . . . Recycling Units . | . . . . . . . . . . . . . . . . . . Scanalyzers . | . . . . . . . . . . . . . . . . . . Garrison Access . | . . . . . . . . . . . . . . . . . . Data Cores Recovered . | . . . . . . . . . . . . . . . . . . Used . | . . . . . . . . . . . . . . . . . . Hacking Detections 23 | . 1 3 1 . . 7 . 3 . 1 . 4 . 1 . 1 1 Full Trace Events 2 | . . . . . . . . 1 . . . 1 . . . . . Feedback Events . | . . . . . . . . . . . . . . . . . . Feedback Blocked . | . . . . . . . . . . . . . . . . . . Robot Schematics Acquired . | . . . . . . . . . . . . . . . . . . Robots Built . | . . . . . . . . . . . . . . . . . . Matter . | . . . . . . . . . . . . . . . . . . Time . | . . . . . . . . . . . . . . . . . . Total Robot Build Rating . | . . . . . . . . . . . . . . . . . . Part Schematics Acquired 6 | . 3 1 1 . . . . . . . . 1 . . . . . Parts Built 5 | . . . . . . . . 1 . . . 2 . . . 2 . Matter 592 | . . . . . . . . 168 . . . 212 . . . 212 . Time 201 | . . . . . . . . 42 . . . 53 . . . 106 . Total Part Build Rating 28 | . . . . . . . . 4 . . . 12 . . . 12 . Parts Repaired . | . . . . . . . . . . . . . . . . . . Time . | . . . . . . . . . . . . . . . . . . Parts Recycled . | . . . . . . . . . . . . . . . . . . Recycled Matter . | . . . . . . . . . . . . . . . . . . Retrieved Matter . | . . . . . . . . . . . . . . . . . . Retrieved Components . | . . . . . . . . . . . . . . . . . . Parts Scanalyzed . | . . . . . . . . . . . . . . . . . . Part Schematics Acquired . | . . . . . . . . . . . . . . . . . . Parts Damaged . | . . . . . . . . . . . . . . . . . . Bothacking | -11 -10 -9 -9 -9 -8 -8 -8 -7 -7 -6 -6 -6 -6 -5 -5 -4 -4 ------------ Run | Scr Mat Mat Min Exi Min Mat Gar Fac Gar Fac Gar Fac Gar Fac Gar Fac Arm Used RIF Installer 5 | . . . . . . . 1 . 1 . 1 . 1 . 1 . . Coupler Efficiency 2 | . . . . . . . . . 1 . . . . . 1 . . Robot Detection 1 | . . . . . . . . . . . . . 1 . . . . Patrol Navigation 1 | . . . . . . . . . . . 1 . . . . . . Robots Hacked 101 | . . . . . . . . 4 10 9 5 11 10 10 17 17 8 Non-combat 19 | . . . . . . . . 1 . 4 . 6 . 1 . 6 1 Combat 82 | . . . . . . . . 3 10 5 5 5 10 9 17 11 7 Robot Hacks Applied 112 | . . . . . . . . 5 10 12 5 13 10 13 18 18 8 parse_system 3 | . . . . . . . . . . 1 . . . . . 2 . no_distress 4 | . . . . . . . . . . 3 . . . . . 1 . generate_anomaly 1 | . . . . . . . . . . . . . . . . 1 . generate_echo 1 | . . . . . . . . . . . . 1 . . . . . find_chute 1 | . . . . . . . . . . . . . . . . 1 . map_walls 4 | . . . . . . . . . . 1 . 1 . . . 2 . drop_inventory 1 | . . . . . . . . . . . . . . . . 1 . find_recycling 1 | . . . . . . . . . . 1 . . . . . . . purge_threat 2 | . . . . . . . . . . . . . . 2 . . . map_route 3 | . . . . . . . . 1 . . . 2 . . . . . mark_security 2 | . . . . . . . . 1 . . . 1 . . . . . relay_feed 1 | . . . . . . . . . . . . 1 . . . . . link_complan 1 | . . . . . . . . . . . . . . . 1 . . spike_heat 2 | . . . . . . . . . . . . . . . 1 1 . disable_weapons 3 | . . . . . . . . . . . . . 1 2 . . . reboot_system 1 | . . . . . . . . . . . . . . . . 1 . go_dormant 5 | . . . . . . . . 1 1 . . . . 1 1 1 . overwrite_iff 14 | . . . . . . . . . 5 . 1 . 2 1 3 1 1 streamctrl_high 2 | . . . . . . . . . . . 1 . . . . . 1 formatsys_low 6 | . . . . . . . . . . 1 . 2 . 1 . 1 1 formatsys_high 54 | . . . . . . . . 2 4 5 3 5 7 6 12 5 5 Relay Couplers Released 65 | . . . . . . . 14 . 12 . 14 . 10 . 15 . . Machine Destruction 65 | . . . . . . . 14 . 12 . 14 . 10 . 15 . . Attached 48 | . . . . . . . . 4 4 3 3 4 5 5 8 3 9 Robots Rewired 4 | . . . . . . . . . . . . . . . . . 4 Allies Hacked 4 | . . . . . . . . . . 1 . 1 . . . 2 . Hacks Repelled . | . . . . . . . . . . . . . . . . . . Allies | -11 -10 -9 -9 -9 -8 -8 -8 -7 -7 -6 -6 -6 -6 -5 -5 -4 -4 -------- Run | Scr Mat Mat Min Exi Min Mat Gar Fac Gar Fac Gar Fac Gar Fac Gar Fac Arm Total Allies 81 | . . . . . . 1 . 2 9 6 5 7 9 8 15 7 12 Largest Group 10 | . . . . . . 1 . 1 3 3 5 4 5 5 10 10 8 Highest-Rated Group 460 | . . . . . . 10 . 32 61 139 224 183 154 140 387 387 460 Highest-Rated Ally 115 | . . . . . . 10 . 32 29 81 81 81 41 49 81 64 115 Total Orders 47 | . . . . . . . . 1 6 3 9 6 5 2 12 2 1 STAY 15 | . . . . . . . . 1 3 . 2 . 3 1 5 . . GOTO 6 | . . . . . . . . . . . 4 . . . 2 . . FOLLOW 17 | . . . . . . . . . 3 1 3 3 2 1 4 . . GUARD 1 | . . . . . . . . . . . . . . . 1 . . AID 7 | . . . . . . . . . . 1 . 3 . . . 2 1 EXPLORE 1 | . . . . . . . . . . 1 . . . . . . . Ally Attacks 486 | . . . . . . . . 2 50 32 28 39 34 36 33 142 90 Total Damage 15218 | . . . . . . . . 71 672 511 697 1670 1224 1187 911 5037 3238 Kills 111 | . . . . . . . . . 8 4 10 18 8 6 8 33 16 Allies Corrupted 2 | . . . . . . 1 . . . . . . . . . . 1 Allies Melted 2 | . . . . . . . . . 1 . . . . . . 1 . Intel | -11 -10 -9 -9 -9 -8 -8 -8 -7 -7 -6 -6 -6 -6 -5 -5 -4 -4 ------- Run | Scr Mat Mat Min Exi Min Mat Gar Fac Gar Fac Gar Fac Gar Fac Gar Fac Arm Robot Analysis Total 1 | . . . . . . . . . . . . . . . . . 1 Derelict Logs Recovered 2 | . . . 2 . . . . . . . . . . . . . . Drone Launches 2 | . . . . . . . . . . 2 . . . . . . . Drone Recoveries . | . . . . . . . . . . . . . . . . . . Exploration | -11 -10 -9 -9 -9 -8 -8 -8 -7 -7 -6 -6 -6 -6 -5 -5 -4 -4 ------------- Run | Scr Mat Mat Min Exi Min Mat Gar Fac Gar Fac Gar Fac Gar Fac Gar Fac Arm Turns Passed 18643 | 65 603 801 231 477 346 1780 1029 777 1242 1269 1927 1865 966 796 2595 902 972 Spaces Moved 9176 | 44 316 429 173 343 227 822 517 414 670 568 933 870 479 359 1289 341 382 Core 15 | 4 . . . . . . . . . 11 . . . . . . . Treads 3815 | . 75 109 . . . 160 114 65 56 169 933 870 479 333 . 72 380 Legs 1586 | . . . . . . . . . . . . . . 26 1289 269 2 Wheels 3760 | 40 241 320 173 343 227 662 403 349 614 388 . . . . . . . Hover . | . . . . . . . . . . . . . . . . . . Flight . | . . . . . . . . . . . . . . . . . . Fastest Speed 50 | 50 90 120 130 130 150 130 130 130 130 110 175 175 180 180 150 150 148 Average Speed 162 | 86 118 138 130 135 150 159 157 148 137 187 175 178 180 181 179 153 168 Slowest Speed 1900 | 90 180 200 130 150 150 260 260 260 220 1900 180 180 180 240 180 225 300 Overloaded Moves . | . . . . . . . . . . . . . . . . . . Propulsion Burnouts . | . . . . . . . . . . . . . . . . . . Robots Hopped . | . . . . . . . . . . . . . . . . . . Cave-ins Triggered 1 | . . . . . . . . . . . . . . . . . 1 Exploration Rate (%) 44 | 4 43 47 48 77 54 71 86 10 72 14 75 25 69 11 67 10 19 Regions Visited 17 Branch Regions 4 Pre-discovered Areas 1 | . . . 1 . . . . . . . . . . . . . . Known Exits Taken 6 | . . 1 . . . 1 . 1 . 1 . 1 . 1 . . . Unknown Exits Taken 6 | 1 1 . 1 1 1 . . . . . . . . . . 1 . Scrap Searched 1 | . . . 1 . . . . . . . . . . . . . . Spaces Dug 36 | . . . . . . . . 3 . 3 . 16 . 4 . . 10 Terrain Destroyed 465 | . . . . . . 137 117 3 . 61 2 59 . 5 46 11 24 Melee 33 | . . . . . . . . 3 . . . 16 . 4 . . 10 Projectile 44 | . . . . . . . . . . 5 2 8 . 1 3 11 14 AOE 388 | . . . . . . 137 117 . . 56 . 35 . . 43 . . Actions | -11 -10 -9 -9 -9 -8 -8 -8 -7 -7 -6 -6 -6 -6 -5 -5 -4 -4 --------- Run | Scr Mat Mat Min Exi Min Mat Gar Fac Gar Fac Gar Fac Gar Fac Gar Fac Arm Total 11570 | 59 436 540 180 356 230 1118 677 522 880 694 1128 1076 549 442 1488 616 579 Wait 631 | . 28 7 1 . . 160 24 38 56 21 73 34 6 7 25 136 15 Move 9164 | 43 315 428 172 342 226 822 516 414 669 568 932 870 478 359 1288 340 382 Hop . | . . . . . . . . . . . . . . . . . . Pick Up 211 | 4 10 23 2 6 2 14 22 3 12 12 21 23 9 7 20 11 10 Fast Attach 91 | 7 4 4 . . . 10 2 2 4 11 1 7 1 7 3 13 15 Attach 117 | . 1 10 . . . 5 2 5 10 8 9 6 5 9 14 7 26 Detach 13 | 1 1 1 . . . . . . 1 1 . . . 2 . 2 4 Swap 135 | . 7 7 2 2 1 6 8 14 5 5 15 23 5 4 4 16 11 Drop 216 | . 8 11 3 6 . 15 21 9 5 9 17 33 9 8 14 20 28 Fire 772 | 4 62 40 . . 1 86 40 24 82 42 50 61 32 35 70 71 72 Melee 83 | . . 9 . . . . 4 10 3 13 10 18 . 4 . . 12 Ram 2 | . . . . . . . . 2 . . . . . . . . . Kick . | . . . . . . . . . . . . . . . . . . Crush 1 | . . . . . . . . . . . . 1 . . . . . Escape Stasis 129 | . . . . . . . 38 . 33 . . . 4 . 50 . 4 Rewire 4 | . . . . . . . . 1 . 3 . . . . . . . Trap . | . . . . . . . . . . . . . . . . . . Miscellaneous 1 | . . . . . . . . . . 1 . . . . . . . Route ------- -11/Scrapyard -10/Materials -9/Materials (discovered 3 exits: *Mat / *Min x2) -9/Mines (discovered 2 exits: *Mat / *Exi) -9/Exiles -8/Mines -8/Materials (discovered 4 exits: *Fac x2 / [*Sto] / Gar) -8/Garrison (discovered 3 exits: *Fac x3) -7/Factory (discovered 3 exits: *Fac x2 / Gar) -7/Garrison (discovered 3 exits: *Fac x3) -6/Factory -6/Garrison (discovered 3 exits: *Fac x3) -6/Factory (discovered 2 exits: *Fac / Gar) -6/Garrison (discovered 3 exits: *Fac x3) -5/Factory (discovered 2 exits: *Fac / Gar) -5/Garrison (discovered 3 exits: *Fac x3) -4/Factory -4/Armory History --------- Turn | Location | Event 13 | -11/Scrapyard | Discovered new exit (range 16) 66 | -11/Scrapyard | Entered Materials 308 | -10/Materials | Build established: Mutant 502 | -10/Materials | Discovered new exit (range 5) 669 | -10/Materials | Entered another Materials area 669 | -9/Materials | Evolved 2 slots: Utility x1, Weapon x1 686 | -9/Materials | Identified exit to Mines 992 | -9/Materials | Lost 4 parts (1u3w) 1285 | -9/Materials | Discovered new exit (range 6) 1470 | -9/Materials | Entered Mines 1473 | -9/Mines | Discovered new exit (range 15) 1520 | -9/Mines | Met a Derelict bent on vengeance 1572 | -9/Mines | Received a Rocket Launcher from a helpful Derelict 1682 | -9/Mines | Learned Materials stockpile data 1696 | -9/Mines | Deemed a non-threat by the Exiles lab entrance 1696 | -9/Mines | Discovered new exit (range 5) 1701 | -9/Mines | Entered Exiles 1738 | -9/Exiles | Met 8R-AWN 1758 | -9/Exiles | Met EX-HEX 1800 | -9/Exiles | Met EX-BIN 1815 | -9/Exiles | Aligned with FarCom system 1816 | -9/Exiles | Given EX-Vault access code 1846 | -9/Exiles | Opened EX-Vault 1856 | -9/Exiles | Found Superbattery 1882 | -9/Exiles | Warned to stay clear of 0b10 Research branches 1918 | -9/Exiles | Met EX-DEC 1962 | -9/Exiles | Visited The Gauntlet 2163 | -9/Exiles | Discovered new exit (range 12) 2178 | -9/Exiles | Left Exiles lab with Superbattery 2178 | -9/Exiles | Entered Mines 2465 | -8/Mines | Build established: Hauler-Skirmisher 2505 | -8/Mines | Discovered new exit (range 10) 2524 | -8/Mines | Entered Materials 2524 | -8/Materials | Evolved 2 slots: Propulsion x1, Utility x1 3633 | -8/Materials | Discovered new exit (range 14) 4153 | -8/Materials | Discovered new exit (range 10) 4268 | -8/Materials | Garrison activated, responded to threat 4292 | -8/Materials | Discovered new exit (range 16) 4304 | -8/Materials | Identified exit to Garrison 4304 | -8/Materials | Entered Garrison 4354 | -8/Garrison | Triggered checkpoint 4426 | -8/Garrison | Triggered checkpoint 4435 | -8/Garrison | Discovered new exit (range 10) 4455 | -8/Garrison | Installed Relay Interface Framework 4534 | -8/Garrison | Garrison Relay disabled 4714 | -8/Garrison | Triggered checkpoint 4714 | -8/Garrison | Triggered checkpoint 4790 | -8/Garrison | Discovered new exit (range 15) 4860 | -8/Garrison | Triggered checkpoint 4948 | -8/Garrison | Garrison Relay disabled 5183 | -8/Garrison | Discovered new exit (range 9) 5212 | -8/Garrison | Triggered checkpoint 5248 | -8/Garrison | Garrison Relay disabled 5252 | -8/Garrison | Build established: Bothacker-Mutant 5333 | -8/Garrison | Entered Factory 5333 | -7/Factory | Evolved 2 slots: Utility x2 5411 | -7/Factory | Fabricated Hrd. Heavy Armor Plating? 5492 | -7/Factory | Discovered new exit (range 19) 5530 | -7/Factory | Local fabrication network quarantined 5877 | -7/Factory | Discovered new exit (range 120) 5899 | -7/Factory | Garrison activated, responded to threat 6110 | -7/Factory | Identified exit to Garrison 6110 | -7/Factory | Entered Garrison 6121 | -7/Garrison | Expanded RIF knowledge: Coupler Efficiency 6206 | -7/Garrison | Triggered checkpoint 6258 | -7/Garrison | Garrison Relay disabled 6376 | -7/Garrison | Triggered checkpoint 6488 | -7/Garrison | Triggered checkpoint 6535 | -7/Garrison | Triggered checkpoint 6632 | -7/Garrison | Discovered new exit (range 12) 6724 | -7/Garrison | Triggered checkpoint 6875 | -7/Garrison | Discovered new exit (range 5) 6910 | -7/Garrison | Triggered checkpoint 6942 | -7/Garrison | Garrison Relay disabled 7072 | -7/Garrison | Discovered new exit (range 12) 7172 | -7/Garrison | Triggered checkpoint 7260 | -7/Garrison | Lost 3 parts (1p1n1w) 7289 | -7/Garrison | Garrison Relay disabled 7352 | -7/Garrison | Entered Factory 7352 | -6/Factory | Evolved 2 slots: Utility x1, Weapon x1 7537 | -6/Factory | Build established: Bothacker-Skirmisher 7702 | -6/Factory | First assault squad dispatched 7965 | -6/Factory | Lost 6 parts (2n1u3w) 8394 | -6/Factory | Build established: Hauler-Mutant 8532 | -6/Factory | Spotted B-75 Beast 8537 | -6/Factory | Assimilated Beast 5a with formatsys_high 8598 | -6/Factory | Lost 3 parts (1n1u1w) 8615 | -6/Factory | Identified exit to Garrison 8621 | -6/Factory | Entered Garrison 8621 | -6/Garrison | Accompanied by 3 allies 8716 | -6/Garrison | Triggered checkpoint 8761 | -6/Garrison | Garrison Relay disabled 8827 | -6/Garrison | Build established: Bothacker-Mutant 8991 | -6/Garrison | Triggered checkpoint 8996 | -6/Garrison | Triggered checkpoint 9280 | -6/Garrison | Discovered new exit (range 14) 9314 | -6/Garrison | Expanded RIF knowledge: Patrol Navigation 9426 | -6/Garrison | Triggered checkpoint 9521 | -6/Garrison | Garrison Relay disabled 9748 | -6/Garrison | Discovered new exit (range 14) 9784 | -6/Garrison | Triggered checkpoint 9816 | -6/Garrison | Garrison Relay disabled 9848 | -6/Garrison | Build established: Bothacker-Tank 9990 | -6/Garrison | Triggered checkpoint 10044 | -6/Garrison | Triggered checkpoint 10087 | -6/Garrison | Discovered new exit (range 10) 10112 | -6/Garrison | Triggered checkpoint 10157 | -6/Garrison | Garrison Relay disabled 10407 | -6/Garrison | Build established: Bothacker-Skirmisher 10548 | -6/Garrison | Entered Factory 10548 | -6/Factory | Accompanied by 4 allies 10820 | -6/Factory | Fabricated KE Penetrator? 10898 | -6/Factory | First assault squad dispatched 11352 | -6/Factory | Build established: Bothacker-Mutant 11492 | -6/Factory | Discovered new exit (range 12) 12150 | -6/Factory | System corruption reached 10% 12243 | -6/Factory | Garrison activated, responded to threat 12413 | -6/Factory | Identified exit to Garrison 12413 | -6/Factory | Entered Garrison 12413 | -6/Garrison | Accompanied by 1 ally 12468 | -6/Garrison | Triggered checkpoint 12489 | -6/Garrison | Garrison Relay disabled 12578 | -6/Garrison | Triggered checkpoint 12594 | -6/Garrison | Triggered checkpoint 12645 | -6/Garrison | Triggered checkpoint 12732 | -6/Garrison | Core integrity fell below 50% 12747 | -6/Garrison | Discovered new exit (range 11) 12796 | -6/Garrison | Triggered checkpoint 12823 | -6/Garrison | Garrison Relay disabled 12998 | -6/Garrison | Triggered checkpoint 13024 | -6/Garrison | Garrison Relay disabled 13064 | -6/Garrison | Discovered new exit (range 12) 13197 | -6/Garrison | Triggered checkpoint 13336 | -6/Garrison | Discovered new exit (range 12) 13370 | -6/Garrison | Expanded RIF knowledge: Robot Detection 13379 | -6/Garrison | Entered Factory 13379 | -5/Factory | Accompanied by 2 allies 13379 | -5/Factory | Evolved 2 slots: Utility x2 14021 | -5/Factory | Destroyed 8 combat bots 14098 | -5/Factory | Discovered new exit (range 15) 14175 | -5/Factory | Identified exit to Garrison 14175 | -5/Factory | Entered Garrison 14175 | -5/Garrison | Accompanied by 1 ally 14184 | -5/Garrison | Expanded RIF knowledge: Coupler Efficiency 14308 | -5/Garrison | Triggered checkpoint 14469 | -5/Garrison | Build established: Botlord-Mutant 14499 | -5/Garrison | Garrison Relay disabled 14567 | -5/Garrison | Spotted B-75 Beast 14605 | -5/Garrison | Assimilated Beast 6a with formatsys_high 14630 | -5/Garrison | Triggered checkpoint 14804 | -5/Garrison | Triggered checkpoint 15206 | -5/Garrison | Lost 3 parts (3u) 15208 | -5/Garrison | Triggered checkpoint 15282 | -5/Garrison | Discovered new exit (range 8) 15394 | -5/Garrison | Triggered checkpoint 15478 | -5/Garrison | Build established: Botlord-Skirmisher 15550 | -5/Garrison | Discovered new exit (range 15) 15602 | -5/Garrison | Triggered checkpoint 15644 | -5/Garrison | Garrison Relay disabled 15818 | -5/Garrison | Triggered checkpoint 15841 | -5/Garrison | Garrison Relay disabled 15929 | -5/Garrison | Build established: Botlord-Mutant 15996 | -5/Garrison | Discovered new exit (range 14) 16262 | -5/Garrison | Triggered checkpoint 16438 | -5/Garrison | Garrison Relay disabled 16770 | -5/Garrison | Entered Factory 16770 | -4/Factory | Accompanied by 10 allies 16770 | -4/Factory | Evolved 2 slots: Propulsion x1, Utility x1 16953 | -4/Factory | Fabricated KE Penetrator (x2) 17066 | -4/Factory | First assault squad dispatched 17114 | -4/Factory | Build established: Botlord-Skirmisher 17136 | -4/Factory | P-70 Sage assimilated allied Soldier 6c 17559 | -4/Factory | Discovered new exit (range 13) 17672 | -4/Factory | Entered Armory 17672 | -4/Armory | Accompanied by 1 ally 17782 | -4/Armory | Found Prototype Launcher 17782 | -4/Armory | Identified Tesla Bomb Launcher 17798 | -4/Armory | Found Prototype Processor 17798 | -4/Armory | Identified Exp. Melee Analysis Suite 17802 | -4/Armory | Found Prototype Processor 17802 | -4/Armory | Identified Exp. Targeting Computer 17888 | -4/Armory | Build established: Botlord-Mutant 17949 | -4/Armory | First assault squad dispatched 18064 | -4/Armory | Spotted B-86 Titan 18065 | -4/Armory | Assimilated Titan 7a with formatsys_high 18522 | -4/Armory | Crushed by falling debris 18522 | -4/Armory | System corruption reached 10% 18523 | -4/Armory | P-70 Sage assimilated allied Titan 7a 18561 | -4/Armory | Core integrity fell below 50% 18564 | -4/Armory | Destroyed Titan 7a 18596 | -4/Armory | System corruption reached 30% 18627 | -4/Armory | Core integrity fell below 20% 18644 | -4/Armory | Destroyed by G-73 Enforcer with Heavy Laser Last Messages --------------- 18617_ Acquired 85 matter. 18620_ Slug penetrates G-73 Enforcer. 18620_ System corrupted: Imp. KE Penetrator targeting data glitched. 18620_ Slug penetrates Wall. 18620_ System corrupted: Imp. KE Penetrator targeting data glitched. 18620_ Slug penetrates Wall. 18620_ Imp. KE Penetrator destroyed. 18622_ Enh. Armored Leg destroyed. 18624_ System corrupted: Railgun jammed. 18625_ System corrupted: Imp. KE Penetrator rejected. 18626_ P-70 Sage resets G-67 Veteran, system corruption cleaned. 18629_ Slug penetrates Wall. 18630_ P-70 Sage resets G-67 Veteran, system corruption cleaned. 18631_ P-70 Sage repels hacking attempt. 18634_ System corrupted: Railgun targeting data glitched. 18636_ Railgun destroyed. 18638_ Dropped Hcp. Storage Unit. 18640_ System corrupted: Component data lost. 18644_ Imp. Remote Datajack destroyed. [Achievement: Back For More] Map ----- +----------------------------------------------------+ | | | | | | | | | | | | | | | | | | | | | | | | | ?????????????????????????????????????????????????? | | ?????????????????????????????????????????#######?? | | ?????????????????????????????????????????# ### | | ???????????????#?????????????????????##### | | ???????????????? ????????????????????? | | ????????????????? ??????????????????###### | | ?????????????????#+###+###??????????# # ### | | ??????????? ?????# ??????????+ ## ##?? | | ??????????? #### #??????????# ]] ## #??? | | ??????????? !!#???###????# ]] ## #??? | | ?????????? |!!##### ##???# ]] ## #??? | | ?????????? !![#!!! #???#[[ ## #??? | | ????????? !%=!%!!!! #???#[[ ## #??? | | ????????? [=!!!=@!g/* !##### [ ## [#### | | ????????? [ %%[*=[%][[==!% ## ## %+| | | ????????? [%= ! !%!=%=[==!;#######+## !#! | | ????????? =!]*!%%%[!%[* !=[% = " | | ?????????? ###### *=% *%!! [%!%!;;;;##+##""+" | | ????????????????#![p!p !! = ;;###; ![%![ #### | | ???????????????=%[%=!g # ; / *= #??? | | ??????????????##=**%% i # ######### | #??? | | ??????????????%%/!%! ###???????# #??? | | ?????????????=[[#;=# ####?????????###########??? | | ??????????????%?# # ##??????????????????????????? | | ????????????????### ????????????????????????????? | | ??????????????????# ?????????????????????????????? | | ??????????????????# ?????????????????????????????? | | ?????????????????????????????????????????????????? | | ?????????????????????????????????????????????????? | | ?????????????????????????????????????????????????? | | ?????????????????????????????????????????????????? | | ?????????????????????????????????????????????????? | | ?????????????????????????????????????????????????? | | ?????????????????????????????????????????????????? | | ?????????????????????????????????????????????????? | | ?????????????????????????????????????????????????? | | ?????????????????????????????????????????????????? | | ?????????????????????????????????????????????????? | +----------------------------------------------------+ Best States ------------- Heat Dissipation 56 Coolant Potential 80 Energy Generation 21 Energy Capacity 2170 Matter Stores 550 Matter Capacity 550 Sight Range 20 Terrain Scan Density 10 Additional Mass Support 12 Armor Coverage 675 Resistance: TH 15 Resistance: EM 15 Phase Shifting 10 Evasion (%) 50 Targeting Accuracy 12 Melee Accuracy 12 Target Analysis 6 Armor Integrity Analysis 33 Recoil Reduction 4 Item Schematics ----------------- Hcp. Storage Unit | -10/Materials | Hacked Lgt. Armor Plating | -10/Materials | Hacked Grenade Launcher | -10/Materials | Hacked Arm. Wheel | -9/Materials | Hacked Imp. Targeting Computer | -9/Mines | Hacked KE Penetrator | -6/Factory | Hacked Robot Schematics ------------------ None Fabricated ------------ Hrd. Heavy Armor Plating | x1 | -7/Factory | Preloaded KE Penetrator | x2 | -6/Factory KE Penetrator | x2 | -4/Factory Alien Tech Used ----------------- None Achievements -------------- Back For More Beloved Factory Defaults Pwned Challenges ------------ None Game ------ Seed DispersionBottomlessHumpback Manual? 0 Play Time 03:32:07 Cumulative 88.5 hours Start 2020.03.01 @ 12:38:08 End 2020.03.03 @ 19:40:51 Sessions 5 Manual Loads 0 Difficulty Rogue Special Mode None Game No. 51 Rogue 51 Adventurer 0 Explorer 0 Win Type - Total 0 Types 0/0/0/0/0/0/0 Lore% 39 Gallery% 64 Achievement% 48 Wizard Run 0 Options --------- ASCII 0 Keyboard 0 Movement Numpad Keybinds 0 Fullscreen 1 Font 18/SmallcapsGlow Map View 76x50 Tactical HUD 1 Map Filters NONE Filters NONE Steam 1 RUN: 04b7598c-26f5-4148-b5d8-3e207fa1a59e